 Dungeon Crawl Stone Soup version 0.18-b1-14-g029dad2 (webtiles) character file.

200 Alarkh the Gusty (level 5, -4/35 HPs)
             Began as a Mummy Air Elementalist on Apr 30, 2016.
             Killed from afar by Ijyb (16 damage)
             ... with a wand of lightning
             ... on level 2 of the Dungeon.
             The game lasted 00:02:04 (1454 turns).

Alarkh the Gusty (Mummy Air Elementalist)           Turns: 1454, Time: 00:02:05

Health: -4/35      AC:  3    Str: 12    XL:     5   Next: 49%
Magic:  0/10       EV: 12    Int: 15    God:
Gold:   49         SH:  0    Dex: 12    Spells: 2 memorised, 6 levels left

rFire  x . .     SeeInvis .     c - +1 whip (venom)
rCold  + . .     Gourm    .     a - +0 robe
rNeg   + + +     Faith    .     (no shield)
rPois  ∞         Spirit   .     (no helmet)
rElec  .         Dismiss  .     (no cloak)
rCorr  +         Reflect  .     h - +0 pair of gloves
SustAt .         Harm     .     (no boots)
MR     .....     Rnd*Tele +     (no amulet)
Stlth  ++........               i - ring of teleportation (curse)
                                f - ring of resist corrosion

@: not resistant to hostile enchantments, unstealthy
A: no food or potions, fire vulnerability, cold resistance 1, negative energy
resistance 3, torment resistance, unbreathing
a: no special abilities


You were on level 2 of the Dungeon.
You were not hungry.

You visited 1 branch of the dungeon, and saw 2 of its levels.

You collected 49 gold pieces.

Inventory:

Hand Weapons
 c - a +1 whip of venom (weapon)
Armour
 a - a +0 robe (worn)
 h - a +0 pair of gloves (worn)
Jewellery
 f - a ring of resist corrosion (left hand)
 i - a cursed ring of teleportation (right hand)
Scrolls
 d - a scroll of amnesia
 e - a scroll of enchant weapon
 g - a scroll of identify
Books
 b - a book of Air

   Spells                             Type                      Level
   a - Shock                          Conjuration/Air              1
   b - Swiftness                      Charms/Air                   2
   c - Repel Missiles                 Charms/Air                   2
   d - Static Discharge               Conjuration/Air              3
   e - Lightning Bolt                 Conjuration/Air              5


   Skills:
 - Level 1.5 Dodging
 - Level 1.5 Stealth
 + Level 3.3 Spellcasting
 + Level 2.5 Conjurations
 + Level 3.6 Air Magic


You had 6 spell levels left.
You knew the following spells:

 Your Spells              Type           Power        Failure   Level  Hunger
a - Shock                 Conj/Air       ##..         8%          1    N/A
b - Static Discharge      Conj/Air       ##......     21%         3    N/A

Dungeon Overview and Level Annotations

Branches:
Dungeon (2/15)

Altars:
Qazlal

Annotations:
D:2 Ijyb


Innate Abilities, Weirdness & Mutations

You do not eat or drink.
Your flesh is vulnerable to fire.
You are immune to poison.
Your flesh is cold resistant.
You are immune to negative energy.
You are immune to unholy pain and torment.
You can survive without breathing.


Message History

Casting: Shock
Confirm with . or Enter, or press ? or * to list all spells.
Aiming: Shock
Press: ? - help, Shift-Dir - straight line, f - Ijyb
Aim: Ijyb, wielding a club (hasn't noticed you)
The zap hits Ijyb.
Ijyb is lightly wounded.
Ijyb shouts!
The zap hits Ijyb.
Ijyb is moderately wounded.
Ijyb screams, "No!
No, no, no, no!"
Casting: Shock
Confirm with . or Enter, or press ? or * to list all spells.
Aiming: Shock
Press: ? - help, Shift-Dir - straight line, f/p - Ijyb
Aim: Ijyb, wielding a club (moderately wounded)
The zap hits Ijyb.
Ijyb is moderately wounded.
Ijyb zaps a wand.
The bolt of lightning hits you!
You die...

## . #. #.# # #..#
...##..### ..
#.......###.(....# .. #.
#.@..........# ... #.
###.###... ..# #.. #.# #)#
... ..# #. ##..#### #.##
#.# #.# #......# #..# #.#
#.# # #......# ##g###.#
#.# # #......#
#.).#.###.######
#....<.######.............
#...........##...###..####


You could see Ijyb.

Vanquished Creatures
  Sigmund (D:2)
  2 worms (D:2)
  A dart slug (D:2)
  A giant gecko (D:1)
  2 giant cockroaches
  9 goblins
  4 hobgoblins
  3 jackals (D:1)
  A kobold (D:2)
  A quokka (D:2)
  5 bats
  4 rats
34 creatures vanquished.

Notes
Turn   | Place    | Note
--------------------------------------------------------------
     0 | D:1      | Alarkh the Mummy Air Elementalist began the quest for the Orb.
     0 | D:1      | Reached XP level 1. HP: 13/13 MP: 3/3
   433 | D:1      | Reached skill level 1 in Conjurations
   482 | D:1      | Reached XP level 2. HP: 18/19 MP: 5/5
  1246 | D:2      | Reached XP level 3. HP: 22/24 MP: 6/6
  1261 | D:2      | Found a stormy altar of Qazlal.
  1291 | D:2      | Learned a level 3 spell: Static Discharge
  1324 | D:2      | Noticed Sigmund
  1331 | D:2      | Killed Sigmund
  1331 | D:2      | Reached XP level 4. HP: 20/30 MP: 0/9
  1331 | D:2      | Reached XP level 5. HP: 24/35 MP: 0/10
  1408 | D:2      | Noticed Ijyb
  1454 | D:2      | Killed from afar by Ijyb

Skill      XL: |  1  2  3 |
---------------+----------+-----
Conjurations   | 1 2 |  2.5
Spellcasting   | 3 |  3.3
Air Magic      | 3 |  3.6
Dodging        | |  1.5
Stealth        | |  1.5

Action                   |  1- 3 |  4- 6 || total
-------------------------+-------+-------++-------
Melee: Whip              |    74 |    20 ||    94
 Cast: Shock             |     3 |     4 ||     7
       Static Discharge  |     1 |     3 ||     4
  Use: Scroll            |     2 |       ||     2
 Stab: Sleeping          |     1 |       ||     1
Armor: Robe              |    14 |     6 ||    20
Dodge: Dodged            |    68 |    14 ||    82
